Map: Abyssal Reef LE

Players

Horiken - Winner!

  • Race: Terran Terran
  • League: Master
  • Spawn Location: 5:00

A.I. 1 (Very Hard)

  • Race: Protoss Protoss
  • Spawn Location: 11:00

VOD

Have the link to the VOD?

Description

for begginer

Time

  • Played on: Nov. 8, 2017, 12:48 a.m.
  • Length: 5:44
Show
View Real Time Build Order
Export as new Build Order

Horiken Terran - Winner!

Build Orders:  

Get SALT Encoding   

  12  0:01  SCV  
  13  0:13  SCV  
  14  0:17  Supply Depot  
  14  0:25  SCV  
  15  0:39  SCV  
  15  0:40  Barracks  
  16  0:45  Refinery  
  16  0:51  SCV  
  17  1:01  Barracks  
  17  1:05  SCV  
  18  1:17  SCV  
  19  1:27  Marine  
  19  1:30  Orbital Command  
  20  1:34  Supply Depot  
  20  1:45  Marine  
  21  1:49  Barracks  
  21  1:52  Barracks Tech Lab  
  21  1:56  SCV  
  22  2:04  Barracks Reactor  
  22  2:08  SCV  
  22  2:11  Marine  
  22  2:14  Stimpack  
  24  2:18  Supply Depot  
  24  2:20  SCV  
  25  2:29  Marine  
  26  2:33  SCV  
  27  2:37  Barracks Reactor  
  27  2:40  Supply Depot  
  27  2:41  Marine x2  
  29  2:45  SCV  
  29  2:50  Marauder  
  32  2:57  SCV  
  33  3:00  Marine x2  
  33  3:04  Supply Depot  
  37  3:12  Marauder  
  37  3:13  Marine  
  37  3:14  Marine  
  39  3:20  Marine x2  
  39  3:23  SCV  
  42  3:27  Supply Depot  
  42  3:32  Marine x2  
  46  3:34  Marauder  
  46  3:38  Marine x2  
  48  3:52  Marine x2  
  48  3:55  Marauder  
  52  3:56  Marine  
  52  3:59  SCV  
  54  4:04  Supply Depot, Marine  
  55  4:11  SCV  
  55  4:12  Marine x2  
  55  4:15  Marine  
  59  4:22  Marauder  
  48  4:49  Marine x4  
  48  4:50  Marauder  
  47  4:57  SCV  
  42  5:07  Marine x2  
  42  5:11  Marauder  
  46  5:14  Marine x2  
  46  5:19  SCV  
Show
View Real Time Build Order
Export as new Build Order

A.I. 1 (Very Hard) Protoss 

Build Orders:  

Get SALT Encoding   

  12  0:01  Probe (Chrono Boost)  
  13  0:11  Probe (Chrono Boost)  
  14  0:19  Pylon  
  14  0:22  Probe (Chrono Boost)  
  15  0:37  Probe (Chrono Boost)  
  15  0:39  Gateway  
  16  0:47  Assimilator  
  16  0:48  Probe (Chrono Boost)  
  17  0:58  Probe (Chrono Boost)  
  17  1:00  Pylon  
  18  1:09  Probe (Chrono Boost)  
  19  1:20  Probe (Chrono Boost)  
  20  1:26  Zealot  
  20  1:29  Cybernetics Core  
  20  1:31  Probe (Chrono Boost)  
  23  1:38  Gateway  
  23  1:42  Probe (Chrono Boost)  
  24  1:49  Pylon  
  25  1:54  Probe (Chrono Boost)  
  25  1:56  Zealot  
  27  2:03  Assimilator, Warp Gate  
  27  2:10  Probe (Chrono Boost)  
  28  2:21  Probe (Chrono Boost)  
  28  2:22  Adept  
  29  2:24  Adept  
  33  2:39  Robotics Facility  
  33  2:42  Probe (Chrono Boost)  
  34  2:47  Adept  
  36  2:52  Adept  
  38  3:03  Pylon, Probe (Chrono Boost)  
  39  3:20  Adept  
  39  3:22  Sentry  
  39  3:26  Immortal  
  47  3:34  Pylon  
  47  3:50  Stalker x2  
  47  3:55  Pylon  
  51  4:04  Immortal  
  55  4:14  Pylon  
  55  4:28  Adept  
  55  4:29  Gateway  
  57  4:35  Zealot  
  55  4:44  Gateway  
  41  4:47  Zealot  
  37  4:55  Zealot  
  30  5:06  Adept  
  29  5:12  Probe (Chrono Boost)  
  18  5:22  Probe (Chrono Boost)  
Tags
 
League
Master
Matchup
PvT
Spawn Locations
Cross Positions
Add a new tag
Caveats
  • Supply blocks, unpowered buildings, or Contaminate may cause inaccurate times.
  • Supply counts are checked every 10 seconds.